 Dungeon Crawl Stone Soup version 0.29.1-12-g30fa7ad0bf (webtiles) character file.

Game seed: 13304138804227865590

79 concernfroge the Trooper (level 4, 0/39 HPs)
             Began as a Mummy Monk on Dec 19, 2022.
             Slain by a gnoll bouda
             ... wielding a +0 whip
              (7 damage)
             ... on level 4 of the Dungeon.
             The game lasted 00:06:39 (1751 turns).

concernfroge the Trooper (Mummy Monk)               Turns: 1751, Time: 00:06:39

Health: 0/39       AC:  8    Str: 22    XL:     4   Next: 16%
Magic:  4/4        EV: 11    Int:  9    God:
Gold:   128        SH:  0    Dex: 14    Spells: 3/3 levels left

rFire   x . .      SeeInvis .   a - +0 spear
rCold   + + .      Faith    .   (no shield)
rNeg    + + +      Spirit   .   e - +3 ring mail {rC+}
rPois   ∞          Reflect  .   (no helmet)
rElec   .          Harm     .   (no cloak)
rCorr   .          Rampage  .   (no gloves)
Will    .....                   (no boots)
Stlth   +.........              (no amulet)
HPRegen 0.13/turn               d - +6 ring of strength
MPRegen 0.09/turn               (no ring)

@: weakened
A: cold resistance 1, negative energy resistance 3, torment resistance 2, heat
vulnerability 1, in touch with death 1, no potions
a: no special abilities


You were on level 4 of the Dungeon.
You visited 1 branch of the dungeon, and saw 4 of its levels.

You collected 128 gold pieces.

Inventory:

Hand Weapons
 a - a +0 spear (weapon)
Missiles
 c - 11 stones
 l - a curare-tipped dart (quivered)
Armour
 e - a +3 ring mail of cold resistance (worn)
Jewellery
 d - a +6 ring of strength (left hand)
Scrolls
 b - 2 scrolls of enchant armour {unknown}
 f - 3 scrolls of blinking
 i - a scroll of teleportation
 j - 2 scrolls of amnesia {unknown}
 k - 2 scrolls of identify {unknown}
 m - a scroll of vulnerability {unknown}


   Skills:
 + Level 5.0 Fighting
 - Level 2.4 Polearms
 - Level 2.4 Dodging
 - Level 1.5 Stealth


You had 3 spell levels left.
You didn't know any spells.
Your spell library contained the following spells:

 Spells                   Type           Power      Damage    Failure   Level
 Freeze                   Ice            0%         1d3       54%         1
 Frozen Ramparts          Ice            0%         1d1       89%         3
 Hailstorm                Conj/Ice       0%         3d3       100%        4


Dungeon Overview and Level Annotations

Branches:
Dungeon (4/15)
 Temple: D:4-7

Altars:

Shops:
D:2 [   D:3 :

Annotations:
D:3 4 runed translucent doors, Crazy Yiuf; retardedninja's ghost, amateur HOFi


Innate Abilities, Weirdness & Mutations

You are immune to poison.
Your flesh is cold resistant. (rC+)
You are immune to negative energy. (rN+++)
You are immune to unholy pain and torment.
You are vulnerable to heat. (rF-)
You are in touch with the powers of death.
You do not drink.


Message History

You are too injured to fight recklessly!
Throw: 3 darts (curare)
Press: ? - help, Q - select action, (/) - cycle Shift-Dir - straight line, f - gnoll
Aim: a gnoll, wielding a +0 halberd (64% to hit)
You throw a curare-tipped dart. The curare-tipped dart hits the gnoll.
The gnoll is poisoned.
The gnoll convulses.
The gnoll seems to slow down.
The gnoll is heavily wounded.
Reach: a) +0 spear
Press: ? - help, Dir - move target, f/p - gnoll
Aim: a gnoll, wielding a +0 halberd (severely wounded, poisoned, slow, about 32% to evade your +0 spear)
You reach to attack!
You hit the gnoll.
The gnoll is almost dead.
You kill the gnoll!
Your Fighting skill increases to level 5!
The gnoll bouda barks out a call to the hunt!
Items here: )) [ †.
You are too injured to fight recklessly!
Reach: a) +0 spear
Press: ? - help, Dir - move target, f - gnoll bouda
Aim: a gnoll bouda, wielding a +0 whip and wearing a +0 robe (about 32% to evade your +0 spear)
You reach to attack!
You closely miss the gnoll bouda. You barely miss the gnoll bouda.
The gnoll bouda hits you with a +0 whip!
You hit the gnoll bouda.
The gnoll bouda is lightly wounded.
The gnoll bouda gazes fiercely through you!
You feel your attacks grow feeble. The gnoll bouda closely misses you.
You barely miss the gnoll bouda.
The gnoll bouda is lightly wounded.
The gnoll bouda hits you with a +0 whip.
* * * LOW HITPOINT WARNING * * *
Throw: 2 darts (curare)
Press: ? - help, Q - select action, (/) - cycle Shift-Dir - straight line, f/p - gnoll bouda
Aim: a gnoll bouda, wielding a +0 whip and wearing a +0 robe (lightly wounded, 64% to hit)
You throw a curare-tipped dart.
The curare-tipped dart closely misses the gnoll bouda.
The gnoll bouda hits you with a +0 whip!
You die...

#.........g
#.........g
#......J...
#........g.
###'###.#..
######J#
#....#.#
#.##.#.#
###@##.#.######
#...gSg(........
######.#.######.
#.#.# #.#..
#.#### #.# #.#
#.#


You could see a gnoll bouda, a gnoll (swift) and an adder.

Vanquished Creatures
  2 gnolls (D:4)
  4 dart slugs (D:1)
  An orc (D:4)
  7 endoplasms
  6 goblins
  3 hobgoblins
  3 kobolds
  A quokka (D:2)
  4 ball pythons
  6 bats
  6 frilled lizards
  6 rats
49 creatures vanquished.

Notes
Turn   | Place    | Note
-------+----------+-------------------------------------------
     0 | D:1      | concernfroge the Mummy Monk began the quest for the Orb.
     0 | D:1      | Reached XP level 1. HP: 18/18 MP: 1/1
   207 | D:1      | Reached XP level 2. HP: 24/24 MP: 2/2
   372 | D:1      | Reached skill level 4 in Fighting
   687 | D:2      | Found Byxtas's Armour Shop.
   748 | D:2      | Gained mutation: You are in touch with the powers of death.
                  | [Mummy growth]
   748 | D:2      | Reached XP level 3. HP: 30/30 MP: 3/3
   926 | D:2      | Noticed a necrophage
  1334 | D:3      | Found a runed translucent door.
  1335 | D:3      | Noticed Crazy Yiuf
  1360 | D:3      | Found a faded altar of an unknown god.
  1470 | D:3      | Found a runed translucent gate.
  1470 | D:3      | Found a runed translucent gate.
  1470 | D:3      | Found a runed translucent gate.
  1473 | D:3      | Noticed retardedninja's ghost (amateur HOFi)
  1512 | D:3      | Found Semenif's Vocational Training.
  1734 | D:4      | Reached XP level 4. HP: 17/38 MP: 4/4
  1745 | D:4      | Reached skill level 5 in Fighting
  1751 | D:4      | Slain by a gnoll bouda

Illustrated notes

Levels and vault maps discovered:
D:1:      erik_arrival_orb_chamber, layout_basic
D:2:      layout_basic, basic_altar, serial_shops, shop,
          kennysheep_cluttered_room
D:3:      layout_basic, shapermc_ecumenical_altar_pompeii,
          ebering_ghost_rock_garden, nicolae_shop_vocational,
          uniq_crazy_yiuf_cottage
D:4:      layout_basic, general_overflow_altar

Skill      XL: |  1  2  3  4 |
---------------+-------------+-----
Fighting       | 4 5 |  5.0
Polearms       | |  2.4
Dodging        | |  2.4
Stealth        | |  1.5

Action                   |  1- 3 |  4- 6 || total
-------------------------+-------+-------++-------
Melee: Spear             |   150 |     5 ||   155
       Punch             |     1 |       ||     1
Throw: Stone             |     9 |       ||     9
       Dart              |       |     2 ||     2
  Use: Scroll            |     3 |       ||     3
 Stab: Sleeping          |     3 |       ||     3
Armor: Robe              |     1 |       ||     1
       Ring mail         |    38 |       ||    38
Dodge: Dodged            |    49 |     1 ||    50
